cohdb
Replays
Latest Replays
All Replays
Popular Replays
Top Player Replays
Match Explorer
How It Works
Community
CoH3 Stats
Reddit
Sign in to upload your games and track your stats! →
Sign in with Steam
Match 45408357
Unlisted
Match 45408357
Overview
Messages
Build Orders
End
Construct Infanterie Kompanie
MG 42 Machine Gun Team
Selects Terror Battlegroup
Selects Machine Gun Camouflage
MG 42 Machine Gun Team
GrW 34 Mortar Team
Grenadier Squad
Construct Panzergrenadier Kompanie
Pak 40 Anti-tank Gun Team
Panzergrenadier Squad
Medical Bunker
Panzergrenadier Squad
Construct Panzer Kompanie
Selects Defend the Fatherland
Duffman™
lisez hervé Couteau-Bégarie
UMirinBrah?
sunshine on leith
Jaci od Gadafija
Taka_nL
0
0
Comments
sign in to comment!
No comments posted yet!